AoeStats
← Zuil

Oasis

509694373Analyzed
3v3 RM · 3d ago on Sep 27, 2026· 48m 25s· 6 players
Game mode
Random Map
Map size
Normal (6 player)
Population
200
Speed
Normal
Resources
Standard
Victory
Conquest
Starting age
Dark Age
Ending age
Imperial Age
RankedLock teamsTeams togetherTeam positionsShared explorationLock speedFull tech treeHidden civsTurbo modeCheats
Victory
Defeat
🇪🇨 Spanish · Ecuador
1270
+17
🇻🇪 Lithuanians · Venezuela
1258
+18
🇨🇱 Aztecs · Chile
1244
+18
🇿🇦 Ethiopians · South Africa
1305
-18
🇬🇧 Gurjaras · United Kingdom
1298
-18
🇦🇹 Malians · Austria
1273
-17
drupoi
6:03 Loom
11:38 Feudal Age
15:54 Castle Age
14:51 Horse Collar
15:52 Double-Bit Axe
16:39 Heavy Plow
16:48 Man-at-Arms
20:25 Crossbowman
22:57 Gold Mining
26:48 Wheelbarrow
26:29 Long Swordsman
27:40 Padded Archer Armor
27:34 Town Watch
27:49 Fletching
28:21 Forging
28:23 Pikeman
29:54 Squires
30:16 Scale Mail Armor
31:03 Thumb Ring
32:18 Chain Mail Armor
32:35 Bodkin Arrow
33:15 Bow Saw
39:34 Imperial Age
37:58 Hand Cart
40:14 Iron Casting
39:55 Leather Archer Armor
41:28 Chemistry
41:28 Gold Shaft Mining
40:37 Arbalester
42:09 Two-Handed Swordsman
44:42 Plate Mail Armor
46:10 Conscription
45:59 Champion
48:49 Ballistics
codobaggins
7:37 Loom
9:57 Feudal Age
10:42 Double-Bit Axe
12:47 Horse Collar
18:54 Fletching
19:47 Wheelbarrow
26:10 Castle Age
26:09 Padded Archer Armor
26:03 Gold Mining
26:47 Bodkin Arrow
26:14 Crossbowman
27:49 Leather Archer Armor
29:06 Bow Saw
31:08 Elite Skirmisher
34:09 Ballistics
36:53 Thumb Ring
37:24 Hand Cart
37:58 Husbandry
38:09 Bloodlines
38:52 Scale Barding Armor
39:05 Forging
43:27 Chain Barding Armor
Unitltable Mountain
6:28 Loom
9:32 Feudal Age
10:28 Double-Bit Axe
10:15 Man-at-Arms
16:23 Fletching
20:16 Castle Age
20:30 Crossbowman
21:34 Bodkin Arrow
22:32 Wheelbarrow
22:10 Bow Saw
24:45 Gold Mining
25:35 Padded Archer Armor
26:53 Ballistics
27:34 Leather Archer Armor
27:27 Thumb Ring
31:16 Hand Cart
37:22 Imperial Age
39:07 Chemistry
37:29 Arbalester
38:15 Bracer
39:30 Conscription
40:07 Ring Archer Armor
42:50 Two-Man Saw
44:19 Squires
43:54 Halberdier
44:36 Scale Mail Armor
45:51 Chain Mail Armor
Zuil
5:10 Loom
10:25 Feudal Age
14:52 Bloodlines
16:16 Scale Barding Armor
19:26 Double-Bit Axe
21:17 Horse Collar
23:45 Castle Age
22:23 Forging
22:24 Gold Mining
25:02 Chain Barding Armor
24:52 Husbandry
25:13 Bow Saw
27:32 Wheelbarrow
28:09 Iron Casting
32:42 Stone Mining
35:29 Hand Cart
35:47 Town Watch
36:35 Fervor
36:54 Town Patrol
39:45 Imperial Age
39:50 Onager
41:38 Chemistry
41:27 Plate Barding Armor
41:38 Treadmill Crane
42:44 Cavalier
43:32 Light Cavalry
46:05 Ballistics
47:45 Conscription
47:21 Fletching
47:09 Paladin
MettatostonRay
10:57 Feudal Age
15:24 Castle Age
13:23 Double-Bit Axe
13:55 Horse Collar
15:35 Loom
16:46 Bow Saw
22:55 Scale Barding Armor
26:38 Heavy Plow
27:57 Wheelbarrow
29:47 Hand Cart
31:14 Bloodlines
32:15 Husbandry
37:50 Imperial Age
38:04 Padded Archer Armor
38:15 Elite Conquistador
39:27 Leather Archer Armor
41:19 Ring Archer Armor
41:59 Two-Man Saw
41:59 Conscription
44:59 Gold Mining
45:13 Capped Ram
46:09 Siege Ram
Daralion
7:24 Loom
9:30 Feudal Age
10:48 Double-Bit Axe
13:34 Horse Collar
16:38 Wheelbarrow
16:53 Town Watch
20:28 Castle Age
18:32 Fletching
19:12 Padded Archer Armor
21:24 Bodkin Arrow
21:45 Leather Archer Armor
21:08 Crossbowman
25:27 Hand Cart
28:33 Elite Skirmisher
30:56 Bow Saw
30:49 Heavy Plow
30:44 Gold Mining
32:02 Ballistics
33:49 Atlatl
37:15 Hand Cart
37:30 Hand Cart
40:08 Imperial Age
40:48 Forging
40:38 Scale Mail Armor
40:54 Bracer
41:57 Chemistry
40:19 Arbalester
45:03 Forging
44:53 Scale Mail Armor
45:06 Scale Mail Armor
45:43 Gold Shaft Mining
45:39 Caravan
46:09 Coinage
46:50 Iron Casting
46:32 Chain Mail Armor
Connection lost

Rejoining the realm…

Still unreachable

The connection could not be restored.

Session expired

The server has moved on; the page needs a fresh start.